Cogmind - Beta 14 @@@ ROGUE MODE // 2024.08.30 @ 05:19:14 Player: Rzcen Result: Destroyed by A8-8YT(R) with Subdweller Shrapnel Launcher Performance ------------- Evolutions (0) 0 Regions Visited (3) 600 Robots Destroyed (31) 155 Value Destroyed (948) 948 Prototype IDs (4) 80 Alien Tech Used (0) 0 Bonus (0) 0 TOTAL SCORE: 1783 Bonus ------- None Cogmind --------- Core Integrity 0/250 Matter 296/300 Energy 37/100 System Corruption 0% Temperature Cool (0) Movement Rolling (140) Ox3 Location -10/Subcaves Parts ------- > --- POWER (1) -------- (None) > --- PROPULSION (2) --- Subdweller Monowheel > --- UTILITY (2) ------ Huge Storage Unit Targeting Computer > --- WEAPON (2) ------- (None) > --- INVENTORY (25) --- Improved Ion Engine Improved Ion Engine Improved Ion Engine Subdweller Power Source Subdweller Power Source Light Nuclear Core Heat Sink Improved Heat Sink Large Storage Unit Signal Interpreter Medium Armor Plating Medium Armor Plating Medium Armor Plating Medium Armor Plating Riot Gun Beam Rifle Particle Gun Particle Gun Subdweller Machine Gun Subdweller Machine Gun Subdweller Machine Gun Subdweller Shrapnel Launcher Dirty Datajack (20) Datajack Mining Laser Peak State ------------ > --- POWER ------------ Improved Ion Engine > --- PROPULSION ------- Subdweller Monowheel > --- UTILITY ---------- Huge Storage Unit Targeting Computer > --- WEAPON ----------- Heavy Riot Gun Subdweller Machine Gun > --- INVENTORY -------- Improved Ion Engine Improved Ion Engine Improved Ion Engine Subdweller Power Source Subdweller Power Source Light Nuclear Core Heat Sink Improved Heat Sink Large Storage Unit Signal Interpreter Medium Armor Plating Medium Armor Plating Medium Armor Plating Medium Armor Plating Riot Gun Beam Rifle Particle Gun Particle Gun Heavy Assault Rifle Subdweller Machine Gun Subdweller Machine Gun Subdweller Shrapnel Launcher Dirty Datajack Datajack Mining Laser [Rating: 17] Favorites ----------- Power Improved Ion Engine Engine Improved Ion Engine Propulsion Light Treads Treads Light Treads Wheel Subdweller Monowheel Flight Unit Flight Unit Utility Targeting Computer Storage Huge Storage Unit Processor Targeting Computer Weapon Subdweller Machine Gun Energy Gun Particle Gun Ballistic Gun Subdweller Machine Gun Launcher Subdweller Shrapnel Launcher Build | -11 -10 -10 -10 ------- Run | Yrd Mat Min Sub Slots Evolved . | . . . . Power . | . . . . Propulsion . | . . . . Utility . | . . . . Weapon . | . . . . Parts Attached 42 | 6 19 4 13 Power 6 | 1 4 1 . Engine 6 | 1 4 1 . Core . | . . . . Reactor . | . . . . Propulsion 16 | 2 9 1 4 Treads 11 | 2 8 1 . Leg . | . . . . Wheel 4 | . . . 4 Hover . | . . . . Flight 1 | . 1 . . Utility 4 | 1 3 . . Device . | . . . . Storage 3 | 1 2 . . Processor 1 | . 1 . . Hackware . | . . . . Protection . | . . . . Artifact . | . . . . Weapon 16 | 2 3 2 9 Energy Gun 5 | 1 1 1 2 Energy Cannon . | . . . . Ballistic Gun 10 | 1 2 1 6 Ballistic Cannon . | . . . . Launcher 1 | . . . 1 Special Weapon . | . . . . Impact Weapon . | . . . . Slashing Weapon . | . . . . Piercing Weapon . | . . . . Special Melee Weapon . | . . . . Unidentified Prototypes . | . . . . Parts Lost 11 | . 2 2 7 Power 2 | . 1 . 1 Propulsion 5 | . . 1 4 Utility . | . . . . Weapon 4 | . 1 1 2 Highest Loss Streak 4 | . 1 1 4 To Critical Strikes . | . . . . Average Slot Usage (%) 89 | . 95 99 82 Engine 13 | . 13 14 13 Treads 17 | . 24 27 7 Wheel 1 | . . . 3 Storage 14 | . 14 14 14 Processor 13 | . 11 14 14 Energy Gun 6 | . 8 14 1 Ballistic Gun 16 | . 19 13 15 Launcher 5 | . . . 10 Peak Build Rating 17 | 6 11 12 17 Average Rating 10 | 4 7 11 12 On Entrance 7 | . 6 11 12 Naked Turns . | . . . . Heaviest Build 99 | 11 92 93 99 Greatest Support 40 | 40 40 40 40 Greatest Overweight (x) 32 | . 28 4 32 Average Overweight (x) 3 | . 1 2 6 Largest Inventory Capacity 25 | 8 25 25 25 Average Capacity 22 | 7 18 25 25 Most Carried 25 | 5 18 20 25 Average Carried 17 | 1 7 17 23 Final Capacity 25 | 8 25 25 25 Final Carried 25 | 1 16 19 25 Class Distribution -------------------- 100% | Mutant Dominant Class ---------------- Mutant | -10/Materials Mutant | -10/Mines Mutant | -10/Subcaves Resources | -11 -10 -10 -10 ----------- Run | Yrd Mat Min Sub Matter Collected 936 | 259 315 65 297 Remotely . | . . . . Salvage Created 1379 | . 815 162 402 Parts 75 | . 43 5 27 Haulers Intercepted . | . . . . Recyclers Shooed . | . . . . Parts Field Recycled . | . . . . Retrieved Matter . | . . . . Parts Self-Destructed 10 | . . . 10 Prevented . | . . . . Kills | -11 -10 -10 -10 ------- Run | Yrd Mat Min Sub Combat Hostiles Destroyed 22 | . 11 4 7 Guns 21 | . 11 3 7 Classes Destroyed 9 | . 5 . 4 Worker 1 | . 1 . . Recycler 3 | . 3 . . Operator 1 | . 1 . . Turret 2 | . . . 2 Watcher 2 | . 2 . . Swarmer 1 | . . . 1 Grunt 16 | . 11 4 1 Sentry 1 | . . . 1 Subdweller 4 | . . . 4 Best Kill Streak 3 | . 3 2 2 Combat Bots Only 2 | . 2 2 2 Max Kills in Single Turn 2 | . 2 1 1 Gunslinging . | . . . . Exploded . | . . . . Melee . | . . . . Uniques/NPCs Destroyed . | . . . . Combat | -11 -10 -10 -10 -------- Run | Yrd Mat Min Sub Hostile Shots Fired 158 | . 56 30 72 Missed 44 | . 15 5 24 Damage Taken 1743 | . 505 377 861 Core 266 | . 32 26 208 Absorbed by Shields . | . . . . Regen/Repaired (Parts) 225 | . 225 . . Core Remaining (%) 100 | 100 . . . Volleys Fired 126 | . 65 17 44 Largest 2 | . 2 2 2 Hottest 130 | . 85 130 90 Shots Fired 219 | . 115 31 73 Gun 215 | . 115 31 69 Cannon . | . . . . Launcher 4 | . . . 4 Special . | . . . . Kinetic 165 | . 87 14 64 Thermal 22 | . 3 17 2 Explosive . | . . . . Electromagnetic 32 | . 25 . 7 Robot Hit Streak 20 | . 13 13 20 Robot Miss Streak 6 | . 6 1 3 Penetration Max . | . . . . Secondary Targets 5 | . 4 . 1 Max Gunslinging Chain 1 | . 1 . 1 Shots Hit Robots 150 | . 73 25 52 Core Hits 62 | . 35 7 20 Critical Kills 1 | . 1 . . Critical Parts Destroyed . | . . . . Critical Strikes 1 | . 1 . . Destroy 1 | . 1 . . Melee Attacks . | . . . . Impact . | . . . . Slashing . | . . . . Piercing . | . . . . Sneak Attacks . | . . . . Combat Hostiles . | . . . . Follow-up Attacks . | . . . . Damage Inflicted 2219 | . 821 324 1074 Guns 1964 | . 787 324 853 Cannons . | . . . . Explosions 255 | . 34 . 221 Melee . | . . . . Ramming . | . . . . Kinetic 1622 | . 556 103 963 Thermal 299 | . 64 221 14 Explosive . | . . . . Electromagnetic 298 | . 201 . 97 Impact . | . . . . Slashing . | . . . . Piercing . | . . . . Highest Corruption . | . . . . Average Corruption . | . . . . Corruption Purged . | . . . . Corruption Blocked . | . . . . Overload Shots . | . . . . Overflow Damage 37 | . 28 . 9 Projectiles . | . . . . Explosions 37 | . 28 . 9 Melee . | . . . . Knockbacks . | . . . . Impact . | . . . . Kinetic . | . . . . Secondary . | . . . . Self-Inflicted Damage 67 | . 30 . 37 Shots 2 | . 1 . 1 Rammed . | . . . . Targets Rammed . | . . . . Kicked . | . . . . Crushed . | . . . . Highest Temperature 261 | . 58 261 . Average Temperature 59 | . 18 112 . Received Heat Transfer 675 | . 285 240 150 Effects 3 | . . 3 . Interference 3 | . . 3 . Siege Activations . | . . . . Robots Corrupted . | . . . . Combat Hostiles . | . . . . Parts Fried 1 | . 1 . . Impact Corruptions . | . . . . Robots Melted 1 | . . 1 . Combat Hostiles 1 | . . 1 . Parts Melted 1 | . . 1 . Heat Transferred 679 | . 124 518 37 Parts Sabotaged . | . . . . Parts Stolen . | . . . . Parts Stripped . | . . . . Power Chain Reactions 1 | . 1 . . Alert | -11 -10 -10 -10 ------- Run | Yrd Mat Min Sub Peak Influence 127 | . 127 65 . Initial 15 | . . 15 . Average 32 | . 44 15 . Maximum Alert Level . | . . . . Low Security (%) 100 | 100 100 100 . Level 1 . | . . . . Level 2 . | . . . . Level 3 . | . . . . Level 4 . | . . . . Level 5 . | . . . . High Security . | . . . . Max Security . | . . . . Squads Dispatched 4 | . 4 . . Investigation 3 | . 3 . . Extermination . | . . . . Reinforcement 1 | . 1 . . Assault . | . . . . Garrison . | . . . . Intercept . | . . . . Searches Triggered . | . . . . Construction Impeded . | . . . . Haulers Reinforced . | . . . . Active Scanning Responses . | . . . . Cargo Convoy Interrupts . | . . . . Stealth | -11 -10 -10 -10 --------- Run | Yrd Mat Min Sub Distress Signals 1 | . 1 . . Communications Jammed . | . . . . Distress Signals . | . . . . Times Spotted 49 | . 20 6 23 Peak Tracking Total 3 | . 3 2 3 Tactical Retreats 5 | . . 1 4 Traps | -11 -10 -10 -10 ------- Run | Yrd Mat Min Sub Traps Triggered 5 | . 5 . . Indirectly . | . . . . Trap Hack Attempts . | . . . . Triggered . | . . . . Disarmed 1 | . 1 . . Reprogrammed . | . . . . Reused . | . . . . Traps Extracted . | . . . . Installed . | . . . . Triggered 1 | . . . 1 Machines | -11 -10 -10 -10 ---------- Run | Yrd Mat Min Sub Machines Disabled 3 | . 1 . 2 Max in Single Turn 1 | . 1 . 1 Machines Repaired . | . . . . Machines Dismantled . | . . . . Machines Sabotaged . | . . . . Overloaded Fab Kills . | . . . . Hacking | -11 -10 -10 -10 --------- Run | Yrd Mat Min Sub Machines Accessed 10 | . 9 . 1 Terminals 6 | . 6 . . Fabricators . | . . . . Repair Stations 1 | . 1 . . Recycling Units 2 | . 2 . . Scanalyzers . | . . . . Garrison Access . | . . . . Total Hacks 34 | . 31 . 3 Successful 16 | . 13 . 3 Failed 18 | . 18 . . Catastrophic 5 | . 5 . . Database Lockouts . | . . . . Manual 13 | . 13 . . Terminals 22 | . 22 . . Fabricators . | . . . . Repair Stations 6 | . 6 . . Recycling Units 3 | . 3 . . Scanalyzers . | . . . . Garrison Access . | . . . . Terminal Hacks 10 | . 7 . 3 Record 3 | . . . 3 Robot Analysis 1 | . 1 . . Prototype ID Bank 2 | . 2 . . Locate Traps 1 | . 1 . . Disarm Traps 1 | . 1 . . Hauler Manifests 1 | . 1 . . Zone Layout 1 | . 1 . . Fabricator Hacks . | . . . . Repair Station Hacks 4 | . 4 . . Scan Component 2 | . 2 . . Repair 2 | . 2 . . Recycling Unit Hacks 1 | . 1 . . Retrieve Components 1 | . 1 . . Scanalyzer . | . . . . Garrison Access Hacks . | . . . . Unauthorized Hacks 1 | . 1 . . Terminals 1 | . 1 . . Assimilate 1 | . 1 . . Fabricators . | . . . . Repair Stations . | . . . . Recycling Units . | . . . . Scanalyzers . | . . . . Garrison Access . | . . . . Data Cores Recovered . | . . . . Used . | . . . . Hacking Detections 8 | . 8 . . Full Trace Events 1 | . 1 . . Feedback Events . | . . . . Feedback Blocked . | . . . . Robot Schematics Acquired . | . . . . Robots Built . | . . . . Authchips . | . . . . Time . | . . . . Total Robot Build Rating . | . . . . Part Schematics Acquired . | . . . . Parts Built . | . . . . Authchips . | . . . . Time . | . . . . Total Part Build Rating . | . . . . Parts Repaired 2 | . 2 . . Time 52 | . 52 . . Parts Recycled . | . . . . Recycled Matter . | . . . . Retrieved Matter . | . . . . Retrieved Components 9 | . 9 . . Parts Scanalyzed . | . . . . Part Schematics Acquired . | . . . . Parts Damaged . | . . . . Bothacking | -11 -10 -10 -10 ------------ Run | Yrd Mat Min Sub Used RIF Installer . | . . . . Robots Hacked . | . . . . Non-combat . | . . . . Combat . | . . . . Robot Hacks Applied . | . . . . Relay Couplers Released . | . . . . Fabnet Peak Effective % . | . . . . Robots Rewired . | . . . . Allies Hacked . | . . . . Hacks Repelled . | . . . . Allies | -11 -10 -10 -10 -------- Run | Yrd Mat Min Sub Total Allies 2 | . 1 1 . Largest Group 1 | . 1 1 . Highest-Rated Group 31 | . 10 31 . Highest-Rated Ally 31 | . 10 31 . Total Orders 1 | . 1 . . STAY 1 | . 1 . . Ally Attacks . | . . . . Total Damage . | . . . . Kills . | . . . . Allies Corrupted . | . . . . Allies Melted . | . . . . Intel | -11 -10 -10 -10 ------- Run | Yrd Mat Min Sub Robot Analysis Total 1 | . 1 . . Derelict Logs Recovered 2 | . . 2 . Drone Launches . | . . . . Drone Recoveries . | . . . . Exploration | -11 -10 -10 -10 ------------- Run | Yrd Mat Min Sub Turns Passed 10467 | 50 3180 2302 4935 Spaces Moved 2814 | 34 914 690 1176 Core 134 | 14 3 . 117 Treads 1978 | 20 892 690 376 Legs . | . . . . Wheels 683 | . . . 683 Hover . | . . . . Flight 19 | . 19 . . Fastest Speed 50 | 50 160 320 130 Average Speed 331 | 114 256 320 402 Slowest Speed 1650 | 160 1450 480 1650 Overloaded Moves . | . . . . Propulsion Burnouts . | . . . . Robots Hopped . | . . . . Cave-ins Triggered . | . . . . Exploration Rate (%) 65 | 3 97 99 61 Regions Visited 3 Branch Regions 2 Pre-discovered Areas 2 | . . 1 1 Known Exits Taken 1 | . . 1 . Unknown Exits Taken 2 | 1 1 . . Scrap Searched 2 | . . 1 1 Spaces Dug . | . . . . Terrain Destroyed 58 | . 3 . 55 Melee . | . . . . Projectile . | . . . . AOE 58 | . 3 . 55 Terrain Rammed . | . . . . Walls Destroyed . | . . . . Machines Disabled . | . . . . Actions | -11 -10 -10 -10 --------- Run | Yrd Mat Min Sub Total 3753 | 45 1652 750 1306 Wait 704 | . 620 33 51 Move 2811 | 33 913 689 1176 Hop . | . . . . Pick Up 55 | 6 29 6 14 Fast Attach 3 | 1 . . 2 Attach 23 | 5 13 2 3 Detach 2 | . 2 . . Swap 16 | . 6 2 8 Drop 13 | . 4 1 8 Fire 126 | . 65 17 44 Melee . | . . . . Ram . | . . . . Kick . | . . . . Crush . | . . . . Escape Stasis . | . . . . Rewire . | . . . . Trap . | . . . . Miscellaneous . | . . . . Route ------- -11/Scrapyard -10/Materials (discovered 4 exits: [*Mat x3] / [*Min]) -10/Mines (discovered 3 exits: [*Mat x2] / *Sub) -10/Subcaves (discovered 2 exits: [*Mat] / [*Rec]) History --------- Turn | Location | Event 26 | -11/Scrapyard | Discovered new exit (range 16) 51 | -11/Scrapyard | Entered Materials 302 | -10/Materials | Build established: Mutant 1290 | -10/Materials | Discovered new exit (range 6) 1380 | -10/Materials | Discovered new exit (range 17) 1915 | -10/Materials | Discovered new exit (range 3) 2611 | -10/Materials | Repaired Lgt. Treads 2637 | -10/Materials | Repaired Lgt. Treads 2720 | -10/Materials | Discovered new exit (range 10) 3231 | -10/Materials | Entered Mines 3374 | -10/Mines | Discovered new exit (range 6) 3685 | -10/Mines | Identified exit to Subcaves 3989 | -10/Mines | Discovered new exit (range 10) 3995 | -10/Mines | Received a Mining Laser from a helpful Derelict 5316 | -10/Mines | Joined a pair of Derelicts in attacking an 0b10 outpost 5533 | -10/Mines | Entered Subcaves 6297 | -10/Subcaves | Shifting Twisted Machinery released Sub. Machine Gun 6315 | -10/Subcaves | Shifting Twisted Machinery released Sub. Shrapnel Launcher 6564 | -10/Subcaves | Visited Clippyterm 6568 | -10/Subcaves | Learned Factory fabricator intel 8817 | -10/Subcaves | Learned location of Zion (-7) 8817 | -10/Subcaves | Met a Zionite searching for "candidates" 10147 | -10/Subcaves | Shifting Twisted Machinery released Sub. Machine Gun 10155 | -10/Subcaves | Shifting Twisted Machinery released Riot Gun 10199 | -10/Subcaves | Discovered new exit (range 8) 10210 | -10/Subcaves | Discovered new exit (range 14) 10247 | -10/Subcaves | Core integrity fell below 50% 10443 | -10/Subcaves | Ambushed by Subdweller buried in earth 10463 | -10/Subcaves | Core integrity fell below 20% 10468 | -10/Subcaves | Destroyed by A8-8YT(R) with Subdweller Shrapnel Launcher Last Messages --------------- 10297_ Subatomizers dissect the Lgt. Assault Rifle. 10331_ 3S-CDI(u) tweaks Twisted Machinery. 10412_ Searching scrap... 10412_ Found Hvy. Riot Gun. 10412_ Found 32 Matter. 10415_ Dropped Sub. Laser. 10416_ Acquired Hvy. Riot Gun. 10443_ Sub. Machine Gun shoots sparks and powers down. 10444_ HJ-KYK(R): "ARGHSUB!" 10449_ Imp. Ion Engine destroyed. 10451_ IJ-I5U(R) destroyed. 10451_ Switching to secondary target: HJ-KYK(R). 10454_ HJ-KYK(R) destroyed. 10457_ Acquired 25 matter. 10460_ Acquired Sub. Monowheel. 10464_ Hvy. Riot Gun destroyed. 10466_ Sub. Monowheel destroyed. 10468_ Hvy. Assault Rifle destroyed. Map ----- +----------------------------------------------------+ | ?????????????????????????????????????????????????? | | ?????????????????????????????????????????????????? | | ?????????????????????????????????????????????????? | | ?????????????????????????????????????????????????? | | ?????????????????????????????????????????????????? | | ?????????????????????????????????????????????????? | | ?????????????????????????????????????????????????? | | ?????????????????????????????????????????????????? | | ?????????????????????????????????????????????????? | | ??????????????????????#??????????????????????????? | | ?????????????????????? ?????????????????????????? | | ?????????????????????? ""???????????????????????? | | ??????????????????????# ???""??????????????????? | | ??????????????????????# ???"" ?????????????????? | | ??????????????????????? ??# ""?????????????????? | | ??????????????????????? ""## "??????????????????? | | ??????????????????????? #??????????????????? | | ??????????????????????? ???????????????????? | | ???????????????????????? ????????????????????? | | ???????????????????????? #????????????????????? | | ????????????????????#### #????????????????????? | | ????????????????????# ;# ###??????????????????? | | ????????????????????# ; #??????????????????? | | ????????????????????# R #??????????????????? | | ????????????????????# ;#??????????????????? | | ?????????????????????# !@ ;#??????????????????? | | ?????????????? #??????????????????? | | ????????????# #### % #?????????????????? | | ?????????????????### #?????????????????? | | ???????????????????## ; #;;[####???????????????? | | ????????????????????######### #???????????????? | | ????????????????????????????## #???????????????? | | ????????????????????????????## ##???????????????? | | ????????????????????????????# #????????????????? | | ????????????????????????????## ####????????????? | | ????????????????????????????# ## ##??????????? | | ????????????????????????????## #??????????? | | ?????????????????????????????# ##????????? | | ?????????????????????????????## # # #????????? | | ??????????????????????????????###### ##??????? ? | | ??????????????????????????????????## #?????? ##? | | ??????????????????????????????????# ####?## #? | | ??????????????????????????????????## # ##% % #? | | ???????????????????????????????????# ##? | | ???????????????????????????????????### # # # | | ?????????????????????????????????????##### #? | | ????????????????????????????????????????# #???? | | ????????????????????????????????????????# ##????? | | ????????????????????????????????????????## #????? | | ?????????????????????????????????????????# #????? | +----------------------------------------------------+ Best States ------------- Heat Dissipation 25 Energy Generation 12 Energy Capacity 265 Matter Stores 300 Matter Capacity 300 Sight Range 16 Terrain Scan Density 10 Evasion (%) 50 Targeting Accuracy 5 Recoil Reduction 2 Item Schematics ----------------- None Robot Schematics ------------------ None Fabricated ------------ Nothing Alien Tech Used ----------------- None Achievements -------------- None Challenges ------------ None Game ------ Seed XenonPitchforkTearclaws Manual? 0 Play Time 00:47:07 Cumulative 30.9 hours Start 2024.08.30 @ 03:13:46 End 2024.08.30 @ 05:19:14 Sessions 3 Manual Loads 0 Difficulty Rogue Special Mode None Game No. 28 Rogue 24 Adventurer 4 Explorer 0 Win Type - Total 0 Types 0/0/0/0/0/0/0/0/0 Lore% 11 Gallery% 21 Achievement% 22 Wizard Run 0 Options --------- Layout 1 ASCII 0 Keyboard 0 Movement Mouse Keybinds 0 Fullscreen 1 Font 42/SmallcapsGlow Map View 50x40 Zoom Use 0% Tactical HUD 1 Map Filters NONE Filters NONE Steam 1 RUN: 0858b145-90be-4239-9439-25a33ebbbe6f